cohdb
Replays
Latest Replays
All Replays
Popular Replays
Top Player Replays
Match Explorer
How It Works
Community
CoH3 Stats
Reddit
Sign in to upload your games and track your stats! →
Sign in with Steam
Match 39064426
Unlisted
Match 39064426
Overview
Messages
Build Orders
End
Selects Airborne Battlegroup
Selects Pathfinders
Construct Weapon Support Center
Pathfinder Squad
Pathfinder Squad
M1919 Machine Gun Team
Bazooka Squad
Bazooka Squad
Construct Medical Station
Air Support Center
Selects Paratrooper Squad Paradrop
Paratrooper Squad Paradrop
Construct Tank Depot
Selects Anti-tank Gun Team Paradrop
M4(105) Sherman Bulldozer
M18 Hellcat Tank Destroyer
Engineer Squad
Selects Recon Loiter
P-47 Dive Bomb
LotDExile
只愛❤毛妹
0
0
Comments
sign in to comment!
No comments posted yet!